 Dungeon Crawl Stone Soup version 0.21.0-3-g78d12a8bdd (webtiles) character file.

96 TehFrederick the Cudgeler (level 4, -5/38 HPs)
             Began as a Minotaur Gladiator on Jan 14, 2018.
             Killed by divine providence
             ... invoked by an orc priest
              (7 damage)
             ... on level 2 of the Dungeon.
             The game lasted 00:14:13 (1026 turns).

TehFrederick the Cudgeler (Minotaur Gladiator)      Turns: 1026, Time: 00:14:14

Health: -5/38      AC:  5    Str: 20      XL:     4   Next: 41%
Magic:  3/3        EV: 12    Int:  5 (7)  God:
Gold:   37         SH:  0    Dex:  8 (11) Spells: 3/3 levels left

rFire    . . .     SeeInvis .   a - +0 flail
rCold    . . .     Gourm    .   (no shield)
rNeg     . . .     Faith    .   e - +0 ring mail
rPois    .         Spirit   .   c - +0 hat
rElec    .         Reflect  .   (no cloak)
rCorr    .         Harm     .   (no gloves)
MR       .....                  (no boots)
Stlth    ..........             (no amulet)
HPRegen  0.12/turn              (no ring)
MPRegen  0.08/turn              (no ring)

@: no status effects
A: retaliatory headbutt, horns 2, clever 1, sturdy frame 1
a: no special abilities


You were on level 2 of the Dungeon.
You were not hungry.

You visited 1 branch of the dungeon, and saw 2 of its levels.

You collected 37 gold pieces.

Inventory:

Hand Weapons
 a - a +0 flail (weapon)
 g - a +0 mace
 h - a +2 dagger of speed
Missiles
 d - 3 throwing nets (quivered)
Armour
 c - a +0 hat (worn)
 e - a +0 ring mail (worn)
Potions
 m - a potion of lignification {unknown}
 o - a potion of flight {unknown}
Comestibles
 b - 4 chunks of flesh
 f - 2 rations


   Skills:
 + Level 3.1 Fighting
 + Level 5.0 Maces & Flails
 + Level 2.7 Throwing
 + Level 0.1 Armour
 + Level 3.8 Dodging


You had 3 spell levels left.
You didn't know any spells.

Dungeon Overview and Level Annotations

Branches:
Dungeon (2/15)

Altars:
Okawaru


Innate Abilities, Weirdness & Mutations

You reflexively headbutt those who attack you in melee.
You have a pair of horns on your head.
Your mind is acute. (Int +2)
Your movements are slightly less encumbered by armour. (ER -2)


Message History

The orc priest is severely wounded.
The orc priest calls down the wrath of Beogh upon you.
Beogh smites you!
* * * LOW HITPOINT WARNING * * *
The orc priest completely misses you.
You closely miss the orc priest.
The orc priest is severely wounded.
The orc priest misses you. You furiously retaliate!
You headbutt the orc priest. You hit the orc priest.
The orc priest is almost dead.
The orc priest miscasts a cantrip.
The orc priest hits you with a hand axe.
* * * LOW HITPOINT WARNING * * *
You barely miss the orc priest.
The orc priest is almost dead.
The orc priest barely misses you.
The orc priest mumbles some strange prayers to Beogh against you.
Beogh smites you!
You die...

# ....... # ##...# ##
........# #.....##.
........
.......#.##.......
..#..............##
#_#...###)###....
..#o... #o# #..#
.......###.###[.####.#
#......†.o_@.).......#
##...#.#######..#####
## ... ### #..#
#..#.#######..#
#..#..........#
##.o..###.##.#.#
........÷......#
.....####.###### ...
#.#


You could see 2 orc priests.

Vanquished Creatures
  2 orc priests (D:2)
  An adder (D:2)
  An ooze (D:1)
  3 orcs (D:2)
  3 bats (D:1)
  A giant cockroach (D:2)
  A goblin (D:1)
  4 hobgoblins
  A kobold (D:1)
  A quokka (D:2)
  A ball python (D:2)
  A frilled lizard (D:1)
  3 rats
23 creatures vanquished.

Notes
Turn   | Place    | Note
-------+----------+-------------------------------------------
     0 | D:1      | TehFrederick the Minotaur Gladiator began the quest for the Orb.
     0 | D:1      | Reached XP level 1. HP: 18/18 MP: 0/0
   299 | D:1      | Reached XP level 2. HP: 19/25 MP: 1/1
   441 | D:1      | Reached skill level 4 in Maces & Flails
   662 | D:2      | Reached XP level 3. HP: 19/31 MP: 2/2
   671 | D:2      | Gained mutation: Your mind is acute. (Int +2) [potion of mutation]
   671 | D:2      | Gained mutation: Your movements are slightly less encumbered by armour. (ER -2) [potion of mutation]
   938 | D:2      | Found an iron altar of Okawaru.
   975 | D:2      | Reached XP level 4. HP: 11/38 MP: 3/3
  1006 | D:2      | Found a faded altar of an unknown god.
  1010 | D:2      | Reached skill level 5 in Maces & Flails
  1026 | D:2      | Killed from afar by an orc priest

Skill      XL: |  1  2  3  4 |
---------------+-------------+-----
Maces & Flails | 4 5 |  5.0
Fighting       | 3 |  3.1
Throwing       | |  2.7
Armour         | |  0.1
Dodging        | |  3.8

Action                   |  1- 3 |  4- 6 || total
-------------------------+-------+-------++-------
Melee: Flail             |    44 |    10 ||    54
       Headbutt          |     6 |     1 ||     7
  Use: Scroll            |     3 |       ||     3
       Potion            |     2 |       ||     2
Armor: Ring mail         |    16 |     1 ||    17
Dodge: Dodged            |    26 |     9 ||    35
